 Dungeon Crawl Stone Soup version 0.19.1-1-g22dce08 (webtiles) character file.

1689 Peloso the Slasher (level 9, -5/75 HPs)
             Began as a Ghoul Fighter on Jan 6, 2017.
             Was an Initiate of Okawaru.
             Slain by a death yak (13 damage)
             ... on level 8 of the Dungeon.
             The game lasted 00:28:55 (6119 turns).

Peloso the Slasher (Ghoul Fighter)                  Turns: 6119, Time: 00:28:55

Health: -5/75      AC: 13    Str: 21    XL:     9   Next: 2%
Magic:  8/8        EV: 10    Int:  3    God:    Okawaru [......]
Gold:   293        SH: 10    Dex: 15    Spells: 0 memorised, 8 levels left

rFire  . . .     SeeInvis .     a - +0 long sword
rCold  + . .     Gourm    .     g - +0 plate armour
rNeg   + + +     Faith    .     c - +0 shield
rPois  ∞         Spirit   .     n - +0 helmet
rElec  .         Reflect  .     (no cloak)
rCorr  .         Harm     .     (no gloves)
MR     .....                    (no boots)
Stlth  ..........               (no amulet)
                                (no ring)
                                (no ring)

@: agile, about to teleport, very slightly contaminated, rotting, hasted, very
quick
A: rotting body, claws 1, carnivore 3, cold resistance 1, negative energy
resistance 3, slow regeneration 1, torment resistance, unbreathing
a: Renounce Religion


You were on level 8 of the Dungeon.
You worshipped Okawaru.
Okawaru was noncommittal.
You were not hungry.

You visited 2 branches of the dungeon, and saw 9 of its levels.

You collected 293 gold pieces.

Inventory:

Hand Weapons
 a - a +0 long sword (weapon)
 h - a +2 spear of venom
 z - a +1 war axe of chopping
Armour
 c - a +0 shield (worn)
 g - a +0 plate armour (worn)
 n - a +0 helmet (worn)
Wands
 d - a wand of confusion (35/48)
 s - a wand of iceblast (8/15)
Scrolls
 i - a scroll of recharging {unknown}
 j - 2 scrolls of teleportation
 k - a scroll of noise {unknown}
 l - 3 scrolls of amnesia {unknown}
 m - 2 scrolls of identify
 o - 2 scrolls of remove curse {unknown}
 q - a scroll of enchant armour {unknown}
 r - a scroll of enchant weapon {unknown}
 t - 3 scrolls of blinking {unknown}
 v - a scroll of fear {unknown}
 y - a scroll of magic mapping {unknown}
Potions
 b - a potion of cancellation
 e - 3 potions of flight
Books
 p - a book of Necromancy

   Spells                             Type                      Level
   a - Pain                           Necromancy                   1
   b - Animate Skeleton               Necromancy                   1
   c - Vampiric Draining              Necromancy                   3
   d - Regeneration                   Charms/Necromancy            3
   e - Animate Dead                   Necromancy                   4
   f - Control Undead                 Necromancy                   4
Comestibles
 f - 5 meat rations
 w - a slice of pizza


   Skills:
 + Level 5.7 Fighting
 + Level 6.3 Long Blades
 + Level 5.3 Armour
 + Level 2.0 Dodging
 + Level 0.2 Stealth
 + Level 5.6 Shields


You had 8 spell levels left.
You didn't know any spells.

Dungeon Overview and Level Annotations

Branches:
Dungeon (8/15)             Temple (1/1) D:6
   Lair: D:8-11

Altars:
Ashenzari
Dithmenos
Elyvilon
Fedhas
Gozag
Hepliaklqana
Makhleb
Nemelex Xobeh
Okawaru
Qazlal
Ru
Uskayaw
Xom

Annotations:
D:7 Angani's ghost, novice OgCK


Innate Abilities, Weirdness & Mutations

Your body is rotting away.
You thrive on raw meat.
You are immune to poison.
You have sharp fingernails.
You are carnivorous and can eat meat at any time.
Your flesh is cold resistant. (rC+)
You are immune to negative energy. (rN+++)
You regenerate slowly when monsters are visible.
You are immune to unholy pain and torment.
You can survive without breathing.


Message History

You hit the death yak but do no damage.
The death yak is heavily wounded.
The death yak gores you!!
* * * LOW HITPOINT WARNING * * *
Your plate armour prevents you from hitting the death yak.
The death yak is heavily wounded.
The hell rat twitches its whiskers.
The death yak barely misses you.
You hit the death yak.
The death yak is heavily wounded.
Okay, then.
As you read the scroll of teleportation, it crumbles to dust.
You feel strangely unstable. You block the death yak's attack.
You slash the death yak!
The death yak is heavily wounded.
The death yak gores you but does no damage.
You hit the death yak.
The death yak is severely wounded.
The death yak gores you!
You die...

### #<#
#@# #Y#
#Y# #Y#
#r#
####W####
#...Z...#
#.......#
#.......#


You could see a death yak, 2 yaks, a hungry ghost, a hell rat and a bullfrog
zombie.

Vanquished Creatures
  The ghost of McKennaii the Magician, a novice HEWz (D:5)
  2 ice beasts
  An orc warrior (D:5)
  An ogre (D:6)
  A necrophage (D:6)
  A centaur (D:5)
  A bullfrog (Temple)
  3 crimson imps
  A bullfrog zombie (D:6)
  3 orc priests
  2 hounds
  5 orc wizards
  An iguana (D:6)
  3 worker ants
  Natasha (thrice) (D:3)
  Robin (D:1)
  3 gnolls
  5 adders
  2 shadow imps
  2 adder skeletons
  2 worms
  5 dart slugs (D:1)
  3 leopard geckos
  25 orcs
  12 bats
  5 giant cockroaches
  9 goblins
  10 hobgoblins
  11 jackals (D:1)
  A quokka (D:7)
  2 ball pythons
  5 frilled lizards
  7 kobolds
  4 rats
143 creatures vanquished.

Vanquished Creatures (others)
  An orc wizard (D:4)
1 creature vanquished.

Grand Total: 144 creatures vanquished

Notes
Turn   | Place    | Note
-------+----------+-------------------------------------------
     0 | D:1      | Peloso the Ghoul Fighter began the quest for the Orb.
     0 | D:1      | Reached XP level 1. HP: 19/19 MP: 0/0
     0 | D:1      | Found an opulent altar of Gozag.
    39 | D:1      | Reached XP level 2. HP: 18/26 MP: 1/1
    41 | D:1      | Reached skill level 2 in Long Blades
   121 | D:1      | Reached XP level 3. HP: 18/33 MP: 2/2
   880 | D:1      | Reached XP level 4. HP: 18/40 MP: 3/3
   995 | D:2      | Noticed Robin
  1289 | D:1      | Killed Robin
  1407 | D:1      | Reached XP level 5. HP: 6/46 MP: 4/4
  1477 | D:2      | Reached skill level 1 in Dodging
  1892 | D:2      | Reached skill level 3 in Long Blades
  2163 | D:3      | Noticed Natasha
  2171 | D:3      | Killed Natasha
  2212 | D:3      | Noticed Natasha
  2226 | D:3      | Killed Natasha
  2379 | D:3      | Noticed Natasha
  2387 | D:3      | Killed Natasha
  2387 | D:3      | Reached XP level 6. HP: 29/52 MP: 5/5
  3190 | D:4      | Found a glowing drain.
  3385 | D:5      | Entered Level 5 of the Dungeon
  3493 | D:5      | Noticed an ice beast
  3519 | D:5      | Killed an ice beast
  3519 | D:5      | Reached XP level 7. HP: 46/59 MP: 6/6
  3698 | D:5      | Reached skill level 4 in Long Blades
  3726 | D:5      | Noticed McKennaii's ghost (novice HEWz)
  3777 | D:5      | Killed McKennaii's ghost
  4044 | D:5      | Reached skill level 5 in Fighting
  4044 | D:5      | Reached XP level 8. HP: 68/68 MP: 7/7
  4120 | D:6      | Reached skill level 5 in Long Blades
  4416 | D:6      | Reached skill level 5 in Shields
  4441 | D:6      | Noticed a hand axe
  4447 | D:6      | Noticed a hand axe
  4448 | D:6      | Found a hide-covered altar of Uskayaw.
  4450 | D:6      | Found a staircase to the Ecumenical Temple.
  4462 | Temple   | Entered the Ecumenical Temple
  4470 | Temple   | Became a worshipper of Warmaster Okawaru
  4488 | D:6      | Found an opulent altar of Gozag.
  4548 | Temple   | Reached skill level 5 in Armour
  5117 | D:6      | Reached skill level 6 in Long Blades
  5489 | D:6      | Found a sparkling altar of Nemelex Xobeh.
  5544 | D:6      | Found a stormy altar of Qazlal.
  5545 | D:6      | Found a shimmering altar of Xom.
  5677 | D:7      | Reached XP level 9. HP: 72/74 MP: 8/8
  5804 | D:7      | Noticed Angani's ghost (novice OgCK)
  6077 | D:8      | Noticed a death yak
  6119 | D:8      | Slain by a death yak

Skill      XL: |  1  2  3  4  5  6  7  8 |
---------------+-------------------------+-----
Long Blades    | 2 3 4 6 |  6.3
Shields        | 3 4 5 |  5.6
Armour         | 3 4 5 |  5.3
Fighting       | 4 5 |  5.7
Dodging        | 1 2 |  2.0
Stealth        | |  0.2

Action                   |  1- 3 |  4- 6 |  7- 9 || total
-------------------------+-------+-------+-------++-------
Melee: Long sword        |   113 |   281 |   315 ||   709
Evoke: Wand              |       |       |     1 ||     1
  Use: Potion            |       |     4 |     4 ||     8
       Scroll            |       |       |     9 ||     9
  Eat: Chunk             |     7 |    31 |    18 ||    56
Armor: Scale mail        |    97 |   153 |       ||   250
       Plate armour      |       |    13 |   161 ||   174
Dodge: Dodged            |    69 |   118 |    44 ||   231
Block: Shield            |    95 |   193 |   168 ||   456
       Rpst.: Long sword |    17 |    43 |    11 ||    71
